 Dungeon Crawl Stone Soup version 0.15-a0-1729-g99b9770 (webtiles) character file.

1542 AvylaarBelgium the Covert (level 8, -3/62 HPs)
             Began as a Vampire Assassin on June 27, 2014.
             Was a Believer of Makhleb.
             Slain by a wight
             ... wielding a cursed +3 morningstar
              (6 damage)
             ... on Level 6 of the Dungeon.
             The game lasted 00:23:54 (5685 turns).

AvylaarBelgium the Covert (Vampire Assassin)        Turns: 5685, Time: 00:23:54

HP  -3/62        AC 15     Str 10      XL: 8   Next: 56%
MP   8/8         EV 16     Int 13      God: Makhleb [**....]
Gold 235         SH  0     Dex 22      Spells:  0 memorised,  7 levels left

rFire  . . .     SeeInvis +     b - +0 blowgun
rCold  + + .     Clarity  .     X - +3 leather armour
rNeg   + + +     rCorr    .     (no shield)
rPois  +         rRot     +     t - +2 helmet
rElec  .         Spirit   .     d - +0 cloak
SustAb .         Warding  .     (no gloves)
rMut   .         Stasis   .     (no boots)
Gourm  .                        (no amulet)
MR     .....                    w - +5 ring of dexterity
                                m - +5 ring of protection

@: bloodless, non-regenerating, not resistant to hostile enchantments, very
stealthy
A: bottle blood, fangs 3, see invisible, unbreathing
a: Bat Form, Bottle Blood, Minor Destruction, Renounce Religion


You were on level 6 of the Dungeon.
You worshipped Makhleb.
Makhleb was pleased with you.
You were bloodless.

You visited 1 branch of the dungeon, and saw 7 of its levels.
You also visited: Ossuary.

You collected 235 gold pieces.

Inventory:

Hand weapons
 a - a +2 dagger
 b - a +0 blowgun (weapon)
 g - a cursed +0 whip of flaming
 j - a cursed +0 hand axe
 k - a +0 short sword
 K - a +0 short sword of protection
Missiles
 e - 88 poisoned needles (quivered)
 f - 5 curare-tipped needles
 p - 14 arrows of frost
 s - 17 stones
 z - 8 javelins
Armour
 c - a +0 robe
 d - a +0 cloak (worn)
 q - a +0 leather armour
 t - a +2 helmet (worn)
 B - a +0 buckler
 X - a +3 leather armour (worn)
Magical devices
 x - a wand of confusion (7)
 C - a wand of disintegration (11)
 M - a wand of cold (4)
 V - a wand of paralysis (10)
 W - a wand of frost (0)
Scrolls
 l - a scroll of blinking {unknown}
 n - a scroll of fog
 o - a scroll of amnesia {unknown}
 r - a scroll of fear {unknown}
 u - 2 scrolls of remove curse
 y - 3 scrolls of identify {unknown}
 A - a scroll of noise {unknown}
 E - a scroll of enchant armour {unknown}
 F - a scroll of magic mapping
 G - a scroll of recharging {unknown}
 H - 2 scrolls of random uselessness {unknown}
 L - a scroll of enchant weapon {unknown}
 N - 2 scrolls of teleportation {unknown}
 O - a scroll of vulnerability {unknown}
 T - a scroll of immolation {unknown}
Jewellery
 m - a +5 ring of protection (left hand)
 w - a +5 ring of dexterity (right hand)
 D - a +2 ring of dexterity
 U - an uncursed ring of sustain abilities {unknown}
Potions
 h - 2 potions of invisibility {unknown}
 i - a potion of might {unknown}
 v - a potion of haste {unknown}
 I - a potion of curing
 J - a potion of brilliance {unknown}
 P - a potion of berserk rage {unknown}
 Q - a potion of agility {unknown}
 R - a potion of cure mutation {unknown}
 S - a potion of restore abilities {unknown}


   Skills:
 + Level 5.2 Fighting
 + Level 6.0 Short Blades
 - Level 1.5 Throwing
 + Level 6.0 Dodging
 + Level 10.2 Stealth


You had 7 spell levels left.
You didn't know any spells.

Dungeon Overview and Level Annotations

Branches:
Dungeon (7/15)             Temple (0/1) D:6

Altars:
Dithmenos
Fedhas
Makhleb
Sif Muna
Yredelemnul

Shops:
D:5 [

Annotations:
D:6 Duvessa


Innate Abilities, Weirdness & Mutations

You do not heal naturally.
You can bottle blood from corpses.
You have razor-sharp teeth.*
You have supernaturally acute eyesight.
You can survive without breathing.*


Message History

Firing (i - inventory. (,) - cycle):
f - 7 curare-tipped needles (quivered)
Press: ? - help, Shift-Dir - straight line, f - wight
Aim: a wight, wielding a morningstar and wearing a robe You shoot a curare-tipped needle.
The curare-tipped needle hits the wight.
Firing (i - inventory. (,) - cycle):
f - 6 curare-tipped needles (quivered)
Press: ? - help, Shift-Dir - straight line, f/p - wight
Aim: a wight, wielding a morningstar and wearing a robe You shoot a curare-tipped needle.
The curare-tipped needle hits the wight.
Quiver which item? (- for none, * to show all) (? for menu, Esc to quit)
Quivering
e - 89 poisoned needles for blowguns.
Firing (i - inventory. (,) - cycle):
e - 89 poisoned needles (quivered)
Press: ? - help, Shift-Dir - straight line, f/p - wight
Aim: a wight, wielding a morningstar and wearing a robe You shoot a poisoned needle.
The poisoned needle hits the wight!
An unseen horror comes into view.
Found 18 gold pieces.
You open the door. The wight hits you with a morningstar.
You die...

.... +.... #....
#.... #....
#....#######+##
##.........# ##+##
+..#.......#.......
#..+.....z@'.......
##.#.......#..##.##
##.##+#....# +#
#.....+....+ .
+.(...#....#
##(...#....#
####+###....##....
...z.'.......+....x
.....#.......#...$.#


You could see a wight.

Vanquished Creatures
  Pikel (D:4)
  Grinder (D:5)
  A slave (D:4)
  4 elf zombies (Ossuary)
  Dowan (D:6)
  3 human zombies (Ossuary)
  A hound (D:5)
  A giant frog skeleton (D:5)
  A centaur skeleton (D:4)
  A worker ant (D:6)
  A big kobold zombie (Ossuary)
  Ijyb (D:4)
  A hound zombie (Ossuary)
  A hound skeleton (D:5)
  3 mummies
  8 adders
  4 gnolls (D:2)
  A giant mite (D:1)
  A shadow imp (D:5)
  2 worms (D:2)
  4 adder zombies (Ossuary)
  2 adder skeletons (D:4)
  A giant gecko (D:6)
  2 oozes
  4 orcs
  3 bats
  9 giant cockroaches
  5 goblins
  11 hobgoblins
  3 jackals (D:1)
  10 kobolds
  2 quokkas (D:4)
  A ball python (D:2)
  7 giant newts
  2 goblin zombies (Ossuary)
  2 hobgoblin skeletons (D:4)
  10 hobgoblin zombies
  5 jackal zombies (Ossuary)
  2 kobold skeletons
  4 kobold zombies (Ossuary)
  A quokka zombie (Ossuary)
  12 rats
  A rat zombie (Ossuary)
141 creatures vanquished.

Vanquished Creatures (others)
  A hobgoblin (D:4)
1 creature vanquished.

Grand Total: 142 creatures vanquished

Notes
Turn   | Place    | Note
--------------------------------------------------------------
     0 | D:1      | AvylaarBelgium, the Vampire Assassin, began the quest for the Orb.
     0 | D:1      | Reached XP level 1. HP: 16/16 MP: 1/1
    73 | D:1      | Reached XP level 2. HP: 20/22 MP: 2/2
   349 | D:1      | Reached skill level 6 in Stealth
   506 | D:1      | Reached XP level 3. HP: 25/28 MP: 3/3
   684 | D:2      | Found a burning altar of Makhleb.
   689 | D:2      | Became a worshipper of Makhleb the Destroyer
  1040 | D:2      | Reached XP level 4. HP: 34/34 MP: 4/4
  2004 | D:3      | Reached XP level 5. HP: 40/40 MP: 5/5
  2367 | D:4      | Noticed a phantom
  2452 | D:4      | Acquired Makhleb's first power
  2522 | D:4      | Noticed Pikel
  2522 | D:4      | Noticed a slave
  2522 | D:4      | Noticed a slave
  2522 | D:4      | Noticed a slave
  2522 | D:4      | Noticed a slave
  2546 | D:4      | Killed a slave
  2576 | D:4      | Killed Pikel
  2576 | D:4      | Reached skill level 8 in Stealth
  2576 | D:4      | Reached XP level 6. HP: 27/48 MP: 6/6
  2576 | D:4      | Reached XP level 7. HP: 30/54 MP: 7/7
  2686 | D:4      | Found a blossoming altar of Fedhas.
  2686 | D:4      | Found a deep blue altar of Sif Muna.
  2687 | D:4      | Found a shadowy altar of Dithmenos.
  2972 | D:4      | Noticed Ijyb
  2980 | D:4      | Killed Ijyb
  3370 | D:5      | Entered Level 5 of the Dungeon
  3528 | D:5      | Found Ituk's Armour Shoppe.
  3600 | D:5      | Found a sand-covered staircase.
  3621 | Ossuary  | Entered an ossuary
  3679 | Ossuary  | Acquired Makhleb's second power
  3740 | Ossuary  | Reached skill level 5 in Short Blades
  3740 | Ossuary  | Reached skill level 9 in Stealth
  3850 | Ossuary  | Reached skill level 5 in Dodging
  3897 | Ossuary  | Reached XP level 8. HP: 28/61 MP: 8/8
  4610 | D:5      | Noticed Grinder
  4618 | D:5      | Paralysed by Grinder for 7 turns
  4635 | D:5      | Paralysed by Grinder for 3 turns
  4666 | D:5      | Paralysed by Grinder for 6 turns
  4685 | D:5      | Killed Grinder
  4685 | D:5      | Reached skill level 5 in Fighting
  4685 | D:5      | Reached skill level 10 in Stealth
  4766 | D:6      | Noticed Dowan
  4768 | D:6      | Noticed Duvessa
  4771 | D:6      | Killed Dowan
  5341 | D:6      | Found a staircase to the Ecumenical Temple.
  5370 | D:6      | Found a basalt altar of Yredelemnul.
  5434 | D:6      | HP: 3/62 [orc priest/divine providence (14)]
  5681 | D:6      | Noticed an unseen horror
  5685 | D:6      | Slain by a wight

Action                   |  1- 3 |  4- 6 |  7- 9 || total
-------------------------+-------+-------+-------++-------
Melee: Dagger            |    93 |    87 |    76 ||   256
       Unarmed           |       |    26 |       ||    26
       Short sword       |       |       |   386 ||   386
       Whip              |       |       |    15 ||    15
 Fire: Blowgun           |     9 |    23 |     6 ||    38
 Abil: End Transformatio |       |     1 |     3 ||     4
       Bat Form          |       |     1 |     3 ||     4
Evoke: Wand              |       |     1 |     7 ||     8
  Use: Scroll            |       |       |     4 ||     4
       Potion            |       |       |     1 ||     1
 Stab: Sleeping          |     9 |     7 |    31 ||    47
       Distracted        |       |       |     1 ||     1
       Paralysed         |       |       |     1 ||     1
